 Dungeon Crawl Stone Soup version 0.27.0-1-g7a089689b8 (webtiles) character file.

Game seed: 1876656493219917727

197 pkoi the Ruffian (level 5, -3/45 HPs)
             Began as a Draconian Monk on Aug 10, 2021.
             Slain by Edmund (9 damage)
             ... on level 4 of the Dungeon.
             The game lasted 00:04:23 (3630 turns).

pkoi the Ruffian (Draconian Monk)                   Turns: 3630, Time: 00:04:23

Health: -3/45      AC:  8    Str: 14    XL:     5   Next: 46%
Magic:  5/5        EV: 12    Int: 11    God:
Gold:   113        SH:  0    Dex: 13    Spells: 4/4 levels left

rFire    . . .     SeeInvis .     - Unarmed
rCold    . . .     Faith    .   (no shield)
rNeg     . . .     Spirit   .   (armour unavailable)
rPois    .         Reflect  .   p - +2 hat
rElec    .         Harm     .   a - +0 cloak
rCorr    .         Rampage  .   (no gloves)
Will     .....                  (no boots)
Stlth    ++........             (no amulet)
HPRegen  0.15/turn              (no ring)
MPRegen  0.09/turn              (no ring)

@: lethally poisoned (-3 -> -7)
A: AC +5, unfitting armour, cold-blooded
a: no special abilities


You were on level 4 of the Dungeon.
You visited 1 branch of the dungeon, and saw 4 of its levels.

You collected 113 gold pieces.

Inventory:

Missiles
 j - 9 poisoned darts (quivered)
 m - 4 throwing nets
Armour
 a - a +0 cloak (worn)
 p - a +2 hat (worn)
Jewellery
 i - an amulet of faith
Scrolls
 d - 2 scrolls of identify {unknown}
 e - a scroll of teleportation {unknown}
 g - a scroll of blinking {unknown}
 h - 2 scrolls of noise {unknown}
 l - a scroll of amnesia {unknown}
Potions
 b - 2 potions of attraction {unknown}
 c - 2 potions of heal wounds {unknown}
 f - a potion of curing {unknown}
 k - 2 potions of cancellation {unknown}
 n - a potion of might {unknown}
 o - 2 potions of magic {unknown}


   Skills:
 - Level 3.2 Fighting
 - Level 2.6 Dodging
 - Level 1.7 Stealth
 + Level 6.2 Unarmed Combat


You had 4 spell levels left.
You didn't know any spells.
Your spell library contained the following spells:

 Spells                   Type           Power      Damage    Failure   Level
 Apportation              Tloc           0%         N/A       34%         1
 Alistair's Intoxication  Tmut/Pois      0%         N/A       100%        5
 Invisibility             Hex            0%         N/A       100%        6


Dungeon Overview and Level Annotations

Branches:
Dungeon (4/15)
 Temple: D:4-7

Altars:
Cheibriados
Kikubaaqudgha
Sif Muna
Vehumet

Annotations:
D:3 1 runed translucent door, Spectrina's ghost, weakling DEMo
D:4 Edmund


Innate Abilities, Weirdness & Mutations

Your plain brown scales are hard. (AC +5)
You cannot fit into any form of body armour.
You are cold-blooded and may be slowed by cold attacks.


Message History

You feel very sick.
Edmund hits you with a +0 flail of venom.
You are more poisoned.
You hit Edmund.
Edmund is lightly wounded.
You feel very sick. Edmund closely misses you.
You hit Edmund.
Edmund is moderately wounded.
You feel very sick. Edmund hits you but does no damage.
You are too injured to fight recklessly!
You are too injured to fight recklessly!
You are too injured to fight recklessly!
You are too injured to fight recklessly!
You are too injured to fight recklessly!
You are too injured to fight recklessly!
You are too injured to fight recklessly!
You are too injured to fight recklessly!
You are too injured to fight recklessly!
You are too injured to fight recklessly!
You are too injured to fight recklessly!
You are too injured to fight recklessly!
You are too injured to fight recklessly!
You are too injured to fight recklessly!
You are too injured to fight recklessly!
You feel very sick.
You feel very sick.
Edmund says, "I might not be good at magic, but I can still kill you!"
* * * LOW HITPOINT WARNING * * *
You feel very sick.
* * * LOW HITPOINT WARNING * * *
You feel sick.
* * * LOW HITPOINT WARNING * * *
You feel sick.
Edmund gestures with his flail.
There is a stone staircase leading up here.
You feel sick.
Edmund hits you with a +0 flail of venom!
You die...

#... ... #.. .. #.
.## #.# #@##
##@.######
####...#....##
#............#
...........!..#
........##.....$...
..########(...###..
# #.#### . #.#


You could see Edmund.

Vanquished Creatures
  3 orc wizards (D:3)
  4 gnolls (D:3)
  4 adders
  A worm (D:3)
  5 bats
  2 endoplasms
  2 giant cockroaches
  5 goblins
  3 hobgoblins
  11 jackals
  2 frilled lizards
  2 kobolds
  4 rats
48 creatures vanquished.

Notes
Turn   | Place    | Note
-------+----------+-------------------------------------------
     0 | D:1      | pkoi the Draconian Monk began the quest for the Orb.
     0 | D:1      | Reached XP level 1. HP: 19/19 MP: 1/1
    53 | D:1      | Found a faded altar of an unknown god.
   691 | D:1      | Reached XP level 2. HP: 26/26 MP: 2/2
   938 | D:2      | Reached skill level 4 in Unarmed Combat
  1352 | D:2      | Reached XP level 3. HP: 31/31 MP: 3/3
  1699 | D:2      | You fall into a shaft and drop 1 floor!
  1976 | D:3      | Reached XP level 4. HP: 17/38 MP: 4/4
  2029 | D:3      | Reached skill level 5 in Unarmed Combat
  2197 | D:3      | Found a shimmering blue altar of Sif Muna.
  2373 | D:3      | Found an ancient bone altar of Kikubaaqudgha.
  2386 | D:3      | Found a radiant altar of Vehumet.
  2393 | D:3      | Reached XP level 5. HP: 41/45 MP: 5/5
  2485 | D:3      | Noticed Spectrina's ghost (weakling DEMo)
  2488 | D:3      | Found a runed translucent door.
  2755 | D:3      | Reached skill level 6 in Unarmed Combat
  2933 | D:3      | Found a snail-covered altar of Cheibriados.
  3615 | D:4      | Noticed Edmund
  3630 | D:4      | Slain by Edmund

Illustrated notes

Levels and vault maps discovered:
D:1:      scummos_arrival_star, layout_basic, hellmonk_ecumenical_altar_blasted
D:2:      layout_rooms
D:3:      layout_loops_corners, palyth_temple_overflow_mages,
          mainiacjoe_overflow_tiny_flanked, hellmonk_ghost_happy_afterlife,
          bh_walls_and_bars
D:4:      layout_cave_pods, kennysheep_mini, ebering_ghost_sewer_f,
          chequers_decorated_corner, uniq_menkaure, uniq_edmund

Skill      XL: |  1  2  3  4  5 |
---------------+----------------+-----
Unarmed Combat | 4 5 6 |  6.2
Fighting       | |  3.2
Dodging        | |  2.6
Stealth        | |  1.7

Action                   |  1- 3 |  4- 6 || total
-------------------------+-------+-------++-------
Melee: Unarmed           |   122 |   100 ||   222
       Tailslap          |    14 |     5 ||    19
       Punch             |       |     1 ||     1
 Stab: Sleeping          |     6 |     2 ||     8
       Distracted        |     1 |       ||     1
Armor: Skin              |    56 |    38 ||    94
Dodge: Dodged            |    90 |    39 ||   129
